 Dungeon Crawl Stone Soup version 0.19-a0-939-g86877d0 (webtiles) character file.

4815 Gottschkopf the Thaumaturge (level 10, -7/50 HPs)
             Began as a Deep Elf Conjurer on July 8, 2016.
             Was a Follower of Vehumet.
             Hit by a large rock thrown by a cyclops (37 damage)
             ... on level 8 of the Dungeon.
             The game lasted 00:28:07 (8301 turns).

Gottschkopf the Thaumaturge (Deep Elf Conjurer)     Turns: 8301, Time: 00:28:08

Health: -7/50      AC:  5    Str:  5    XL:     10   Next: 24%
Magic:  10/28      EV: 19    Int: 24    God:    Vehumet [*.....]
Gold:   423        SH:  2    Dex: 15    Spells: 5 memorised, 17 levels left

rFire  + . .     SeeInvis .     i - +1 dagger
rCold  x . .     Gourm    .     a - +0 robe
rNeg   . . .     Faith    .     (no shield)
rPois  .         Spirit   .     (no helmet)
rElec  .         Dismiss  .     q - +1 cloak
rCorr  .         Reflect  +     (no gloves)
SustAt +         Harm     .     r - +0 pair of boots
MR     +....                    w - +2 amulet of reflection
Stlth  ++........               y - ring of fire
                                x - ring of sustain attributes

@: somewhat resistant to hostile enchantments, unstealthy
A: no striking features
a: Renounce Religion


You were on level 8 of the Dungeon.
You worshipped Vehumet.
Vehumet was aware of your devotion.
You were not hungry.

You visited 2 branches of the dungeon, and saw 9 of its levels.

You collected 423 gold pieces.

Inventory:

Hand Weapons
 i - a +1 dagger (weapon)
Armour
 a - a +0 robe (worn)
 q - a +1 cloak (worn)
 r - a +0 pair of boots (worn)
Jewellery
 w - a +2 amulet of reflection (around neck)
 x - a ring of sustain attributes (left hand)
 y - a ring of fire (right hand)
Wands
 f - a wand of random effects (48/48)
 s - a wand of iceblast (7/15)
Scrolls
 j - 3 scrolls of amnesia
 n - 4 scrolls of remove curse
 p - 2 scrolls of enchant weapon
Potions
 e - a potion of mutation {unknown}
 g - a potion of degeneration {unknown}
 h - a potion of curing
 l - 4 potions of might
 m - a potion of haste
 o - 2 potions of heal wounds
 t - 2 potions of resistance
 u - 3 potions of agility
 A - 2 potions of berserk rage
 B - a potion of lignification
 C - a potion of invisibility {unknown}
 D - a potion of flight {unknown}
Books
 b - a book of Conjurations

   Spells                             Type                      Level
   a - Magic Dart                     Conjuration                  1
   b - Searing Ray                    Conjuration                  2
   c - Dazzling Spray                 Conjuration/Hexes            3
   d - Fulminant Prism                Conjuration/Hexes            4
   e - Iskenderun's Mystic Blast      Conjuration                  4
   f - Iskenderun's Battlesphere      Conjuration/Charms           5
 k - a book of Battle

   Spells                             Type                      Level
   a - Infusion                       Charms                       1
   b - Shroud of Golubria             Charms/Translocation         2
   c - Song of Slaying                Charms                       2
   d - Spectral Weapon                Hexes/Charms                 3
   e - Regeneration                   Charms/Necromancy            3
Comestibles
 c - 6 bread rations
 d - a slice of pizza
 v - 3 meat rations
 z - a chunk of flesh


   Skills:
 + Level 10.2 Dodging
 - Level 2.4 Stealth
 - Level 12.0 Spellcasting
 - Level 10.0 Conjurations
 - Level 4.0 Charms


You had 17 spell levels left.
You knew the following spells:

 Your Spells              Type           Power        Failure   Level  Hunger
a - Magic Dart            Conj           ####         1%          1    None
b - Searing Ray           Conj           ######       1%          2    None
c - Iskenderun's Mystic   Conj           ######..     1%          4    None
d - Fulminant Prism       Conj/Hex       #####.....   6%          4    None
e - Iskenderun's Battles  Conj/Chrm      #####...     8%          5    ###....


Dungeon Overview and Level Annotations

Branches:
Dungeon (8/15)             Temple (1/1) D:7
   Lair: D:8-11

Altars:
Ashenzari
Gozag
Hepliaklqana
Makhleb
Okawaru
Pakellas
Sif Muna
Trog
Uskayaw
Vehumet
Yredelemnul

Shops:
D:4 %   D:6 :


Message History

Aim: a cyclops (almost dead)
The magic dart hits the cyclops.
The cyclops is almost dead.
Casting: Magic Dart
Confirm with . or Enter, or press ? or * to list all spells.
Aiming: Iskenderun's Mystic Blast
Press: ? - help, Shift-Dir - straight line, f/p - cyclops
Aim: a cyclops (almost dead)
The orb of energy hits the cyclops.
The cyclops is almost dead.
The cyclops throws a large rock.
The large rock hits you.
Casting: Iskenderun's Mystic Blast
Confirm with . or Enter, or press ? or * to list all spells.
Aiming: Iskenderun's Mystic Blast
Press: ? - help, Shift-Dir - straight line, f/p - cyclops
Aim: a cyclops (almost dead)
The orb of energy misses the cyclops.
The cyclops throws a large rock.
The large rock hits you!!!
Ouch! That really hurt!
You die...

. .###..# ..### ...#..# ...
##.#..# ... .....##########
############ #.# #........#...##
..........C###..###.............#
...............ยง@................
###..............................
...........####.##...#...........
.###.......# #.#....#..........#
.# #.......####......#.#...#...##
####.##.####.....>...#..########
##(......(...####..####..###
####......<..# #......#)..#
#.###..#..(### #.####.....##


You could see a cyclops.

Vanquished Creatures
  Pikel (D:5)
  The ghost of Mulkerokala the Grave Robber, an amateur DsNe (D:4)
  Sigmund (D:2)
  2 wyverns
  Grum (D:8)
  Menkaure (D:6)
  An orc warrior (D:8)
  A sky beast (D:8)
  2 black bears
  3 ice beasts
  An ogre (D:6)
  A phantom (D:6)
  4 slaves (D:5)
  2 wolves (D:8)
  2 big kobolds
  3 giant frogs
  A gnoll sergeant (D:8)
  A wyvern zombie (D:6)
  2 scorpions
  A wyvern skeleton (D:7)
  8 killer bees
  2 jellies (D:8)
  7 howler monkeys
  3 crimson imps
  4 giant frog zombies
  A centaur zombie (D:7)
  4 hounds
  4 orc priests
  2 giant frog skeletons
  4 orc wizards
  Jessica (D:2)
  2 centaur skeletons
  2 iguanas
  4 worker ants
  4 gnolls (D:8)
  A worker ant zombie (D:6)
  7 adders
  2 shadow imps (D:8)
  An ooze (D:3)
  3 worms (D:2)
  3 dart slugs
  6 giant geckos
  26 orcs
  6 bats
  3 giant cockroaches
  11 goblins
  6 hobgoblins
  8 jackals
  3 quokkas
  5 ball pythons
  2 giant gecko zombies
  7 giant newts
  A jackal skeleton (D:5)
  16 kobolds
  8 rats
209 creatures vanquished.

Notes
Turn   | Place    | Note
-------+----------+-------------------------------------------
     0 | D:1      | Gottschkopf the Deep Elf Conjurer began the quest for the Orb.
     0 | D:1      | Reached XP level 1. HP: 10/10 MP: 6/6
   161 | D:1      | Reached XP level 2. HP: 15/15 MP: 2/8
   175 | D:1      | Reached skill level 4 in Spellcasting
   653 | D:1      | Found a shattered altar of Ashenzari.
   801 | D:1      | Reached XP level 3. HP: 19/19 MP: 4/11
   807 | D:1      | Learned a level 2 spell: Searing Ray
   946 | D:2      | Reached skill level 5 in Spellcasting
  1129 | D:2      | Noticed Sigmund
  1129 | D:2      | Noticed Jessica
  1135 | D:2      | Killed Jessica
  1135 | D:2      | Reached XP level 4. HP: 24/24 MP: 7/13
  1136 | D:2      | Killed Sigmund
  1136 | D:2      | Reached skill level 8 in Spellcasting
  1136 | D:2      | Reached XP level 5. HP: 28/28 MP: 4/17
  1824 | D:3      | Reached XP level 6. HP: 32/32 MP: 14/19
  1830 | D:3      | Learned a level 4 spell: Iskenderun's Mystic Blast
  1835 | D:3      | Learned a level 4 spell: Fulminant Prism
  1841 | D:3      | Learned a level 5 spell: Iskenderun's Battlesphere
  1917 | D:3      | Reached skill level 1 in Charms
  2522 | D:4      | Found Geaduats's Food Shop.
  2584 | D:4      | Reached skill level 5 in Conjurations
  2773 | D:4      | Noticed Mulkerokala's ghost (amateur DsNe)
  2778 | D:4      | Killed Mulkerokala's ghost
  2778 | D:4      | Reached XP level 7. HP: 19/36 MP: 9/20
  3004 | D:4      | Found a hide-covered altar of Uskayaw.
  3050 | D:4      | Found a hazy altar of Hepliaklqana.
  3867 | D:5      | Entered Level 5 of the Dungeon
  3943 | D:5      | Noticed Pikel
  3948 | D:5      | Killed Pikel
  3948 | D:5      | Reached XP level 8. HP: 41/41 MP: 9/22
  4526 | D:5      | Reached skill level 10 in Conjurations
  4973 | D:5      | Found a burning altar of Makhleb.
  5039 | D:6      | Reached skill level 9 in Spellcasting
  5121 | D:6      | Reached skill level 10 in Spellcasting
  5158 | D:6      | Noticed Menkaure
  5161 | D:6      | Killed Menkaure
  5161 | D:6      | Reached XP level 9. HP: 45/45 MP: 17/25
  5211 | D:6      | Found Untitaicw's Book Emporium.
  5425 | D:6      | Reached skill level 11 in Spellcasting
  6158 | D:7      | Reached skill level 12 in Spellcasting
  6441 | D:7      | Reached skill level 5 in Dodging
  6679 | D:7      | Found a staircase to the Ecumenical Temple.
  6701 | Temple   | Entered the Ecumenical Temple
  6709 | Temple   | Became a worshipper of Vehumet
  6888 | D:7      | Found an oddly glowing altar of Pakellas.
  7596 | D:8      | Reached * piety under Vehumet
  7596 | D:8      | Offered knowledge of Flame Tongue by Vehumet.
  7605 | D:8      | Reached XP level 10. HP: 50/50 MP: 13/28
  7625 | D:8      | Found a bloodstained altar of Trog.
  7627 | D:8      | Found an opulent altar of Gozag.
  7628 | D:8      | Found a deep blue altar of Sif Muna.
  7635 | D:8      | HP: 1/50 [orc wizard/magic dart (3)]
  8090 | D:8      | Noticed Grum
  8092 | D:8      | Killed Grum
  8096 | D:8      | Reached skill level 10 in Dodging
  8295 | D:8      | Noticed a cyclops
  8301 | D:8      | Hit by a large rock thrown by a cyclops

Vault maps used:
D:1:      sevenhm_arrival_forest_fort_small_6
D:2:      first_bread, grunt_ministairs_2, uniq_sigmund, uniq_jessica
D:4:      grunt_temple_overflow_open, serial_shops, nicolae_shop_crystal
D:5:      lemuel_coloured_pillars_altar, amethyst_killhole,
          minmay_misc_feat_encased, minivault_14, uniq_pikel
D:6:      serial_shops, shop, uniq_menkaure
D:7:      grunt_ministairs_8, grunt_pakellas_basics
D:8:      grunt_temple_overflow_diamond, uniq_grum
Temple:   compressed_dpeg_circular_temple

Skill      XL: |  1  2  3  4  5  6  7  8  9 10 |
---------------+-------------------------------+-----
Spellcasting   | 4 5 8 10 12 | 12.0
Charms         | 4 |  4.0
Conjurations   | 6 9 10 | 10.0
Dodging        | 8 10 | 10.2
Stealth        | |  2.4

Action                   |  1- 3 |  4- 6 |  7- 9 | 10-12 || total
-------------------------+-------+-------+-------+-------++-------
Melee: Dagger            |       |     9 |     1 |     3 ||    13
 Cast: Magic Dart        |    53 |    74 |   185 |    33 ||   345
       Searing Ray       |     4 |     9 |    24 |     4 ||    41
       Iskenderun's Batt |       |     1 |    22 |     5 ||    28
       Iskenderun's Myst |       |     1 |    12 |     6 ||    19
  Use: Scroll            |       |       |    19 |     3 ||    22
       Potion            |       |       |       |     1 ||     1
  Eat: Chunk             |       |     6 |    12 |     2 ||    20
       Meat ration       |       |       |     1 |       ||     1
       Pizza             |       |       |       |     1 ||     1
Armor: Robe              |     4 |     5 |    10 |     2 ||    21
Dodge: Dodged            |    11 |    19 |    51 |    23 ||   104
Block: Other             |       |       |     6 |     2 ||     8
       Reflection        |       |       |     1 |       ||     1
